 Dungeon Crawl Stone Soup version 0.18-a0-1396-g8753ca6 (console) character file.

4089 Liam the Destroyer (level 10, -2/50 HPs)
             Began as a Deep Elf Wizard on Feb 23, 2016.
             Was a Believer of Vehumet.
             Shot with a sling bullet by Joseph (11 damage)
             ... on level 8 of the Dungeon.
             The game lasted 00:36:03 (12147 turns).

Liam the Destroyer (Deep Elf Wizard)               Turns: 12147, Time: 00:36:03

Health: -2/50      AC:  7    Str:  4    XL:     10   Next: 5%
Magic:  1/26       EV: 11    Int: 27    God:    Vehumet [**....]
Gold:   470        SH:  0    Dex: 13    Spells: 6 memorised, 16 levels left

rFire  . . .     SeeInvis .     v - +2 short sword (venom)
rCold  . . .     Gourm    .     J - +2 leather armour {rPois}
rNeg   . . .     Faith    .     (no shield)
rPois  +         Spirit   .     b - +0 hat
rElec  .         Dismiss  .     (no cloak)
rCorr  .         Reflect  .     (no gloves)
SustAt .         Harm     .     K - +0 pair of boots
MR     +....                    (no amulet)
Stlth  ++........               (no ring)
                                w - +1 ring of protection

@: somewhat resistant to hostile enchantments, unstealthy
A: no striking features
a: Renounce Religion


You were on level 8 of the Dungeon.
You worshipped Vehumet.
Vehumet was pleased with you.
You were hungry.

You visited 2 branches of the dungeon, and saw 9 of its levels.

You collected 470 gold pieces.

Inventory:

Hand Weapons
 v - a +2 short sword of venom (weapon)
Armour
 b - a +0 hat (worn)
 J - a +2 leather armour of poison resistance (worn)
 K - a +0 pair of boots (worn)
 P - a cursed +0 helmet
Jewellery
 w - a +1 ring of protection (left hand)
 x - an uncursed amulet of magic regeneration
 B - an uncursed amulet of rage
Wands
 j - a wand of disintegration (11/24)
 r - a wand of flame (0/48)
 y - a wand of flame (0/48)
 I - a wand of acid (0/15)
 L - a wand of polymorph (9/24)
 N - a wand of random effects (10/48)
 O - a wand of acid (7/15)
Scrolls
 f - 11 scrolls of identify {unknown}
 g - a scroll of random uselessness {unknown}
 h - 2 scrolls of enchant weapon
 m - a scroll of fear
 n - a scroll of remove curse
 o - a scroll of teleportation
 s - 5 scrolls of enchant armour {unknown}
 t - 2 scrolls of blinking {unknown}
 C - 3 scrolls of fog {unknown}
 D - a scroll of amnesia {unknown}
 E - 2 scrolls of magic mapping {unknown}
 M - a scroll of immolation {unknown}
Potions
 a - a potion of heal wounds {unknown}
 e - a potion of haste {unknown}
 k - a potion of cancellation {unknown}
 l - 3 potions of flight {unknown}
 p - a potion of might
 q - 3 potions of lignification {unknown}
 z - 4 potions of mutation {unknown}
 A - a potion of resistance
 F - 3 potions of agility {unknown}
 G - a potion of brilliance {unknown}
Books
 c - a book of Minor Magic

   Spells                             Type                      Level
   a - Magic Dart                     Conjuration                  1
   b - Blink                          Translocation                2
   c - Call Imp                       Summoning                    2
   d - Repel Missiles                 Charms/Air                   2
   e - Slow                           Hexes                        2
   f - Conjure Flame                  Conjuration/Fire             3
   g - Mephitic Cloud                 Conjuration/Poison/Air       3
Comestibles
 d - 7 bread rations
 i - 2 meat rations
 u - 8 fruits
 H - 2 royal jellies


   Skills:
 - Level 2.4 Dodging
 - Level 2.4 Stealth
 + Level 10.0 Spellcasting
 * Level 10.4 Conjurations
 - Level 5.2 Charms
 - Level 1.1 Summonings
 - Level 4.1 Translocations
 - Level 5.0 Fire Magic
 - Level 3.0 Air Magic
 - Level 3.1 Poison Magic


You had 16 spell levels left.
You knew the following spells:

 Your Spells              Type           Power        Failure   Level  Hunger
a - Magic Dart            Conj           ####         1%          1    None
b - Blink                 Tloc           N/A          1%          2    None
d - Mephitic Cloud        Conj/Pois/Air  #####...     2%          3    None
e - Conjure Flame         Conj/Fire      ######..     1%          3    None
i - Call Imp              Summ           ###.....     10%         2    None
m - Repel Missiles        Chrm/Air       #####.       1%          2    None


Dungeon Overview and Level Annotations

Branches:
Dungeon (8/15)             Temple (1/1) D:6
   Lair: D:8-11

Altars:
Dithmenos
Elyvilon
Fedhas
Makhleb
Okawaru
Pakellas
Qazlal
Ru
Trog
Vehumet
Xom
Yredelemnul
Zin
The Shining One

Shops:
D:7 =

Annotations:
D:8 Erolcha, Joseph


Message History

Evoking this partially-identified wand wasted a few charges.
Joseph hits you with an uncursed quarterstaff of protection!
* * * LOW HITPOINT WARNING * * *
Evoke which item? (* to show all) (? for menu, Esc to quit)
Zapping:
j - a wand of disintegration (will waste charges)
Press: ? - help, Shift-Dir - straight line, f/p - Joseph
Aim: Joseph, wielding a quarterstaff of protection and wearing a glowing ring mail (almost dead, chance to defeat MR: 48%) Joseph resists with some effort.
Evoking this partially-identified wand wasted a few charges.
Joseph hits you with an uncursed quarterstaff of protection.
* * * LOW HITPOINT WARNING * * *
Joseph unwields an uncursed quarterstaff of protection.
Joseph wields an uncursed hunting sling.
Joseph shoots a sling bullet.
The sling bullet misses you.
You see here a sling bullet.
Joseph shoots a sling bullet.
The sling bullet is repelled.
You feel less protected from missiles.
You see here a sling bullet.
Joseph shoots a sling bullet.
The sling bullet hits you!
You die...

.....#.......#.................##
.....#.......#....(..###..#§##...
.....#.......#.......##..#§§.#...
.....#########.......##.#§#§#§#..
.....# #(@.....##. §§_§§...
##.### #######'####### §#§#§#.@
...# #.....#(# #§§§ ### ##§#
#.###.#(# ##O## #.#<#.#@#
#.g.######.#.#.###
.._.....O#.#.#.# #...##.#...#.#.#
##.###.###.#.#.# #.###.##..#.#.#
#.....##O.#.#.# #.######....#§#
#.####....###.#


You could see Joseph.

Vanquished Creatures
  Pikel (D:4)
  The ghost of Kidiri the Conjurer, a novice DECj of Vehumet (D:6)
  2 two-headed ogres
  Grinder (D:2)
  Eustachio (D:4)
  A hungry ghost (D:8)
  Edmund (D:6)
  3 slaves
  A phantom (D:7)
  An ice beast (D:7)
  An ogre (D:4)
  2 centaurs (D:5)
  4 giant frogs
  2 howler monkeys
  3 scorpions
  2 crimson imps
  A quasit (D:8)
  4 hounds
  3 jellies
  A giant frog skeleton (D:6)
  6 orc wizards
  2 centaur skeletons
  3 iguanas
  8 worker ants
  2 hound zombies
  2 hound skeletons
  A worker ant zombie (D:5)
  Robin (D:2)
  4 gnolls (D:6)
  9 adders
  An ooze (D:1)
  An adder zombie (D:8)
  5 worms
  8 giant geckos
  16 orcs
  2 ball pythons
  8 bats
  5 giant cockroaches
  18 goblins
  13 hobgoblins
  11 jackals
  7 kobolds
  3 quokkas
  A giant gecko zombie (D:6)
  7 giant newts
  A jackal skeleton (D:4)
  4 rats
185 creatures vanquished.

Vanquished Creatures (collateral kills)
  The ghost of Liam the Thaumaturge, a novice DEWz of Vehumet (D:7)
1 creature vanquished.

Vanquished Creatures (others)
  2 fulminant prisms (D:6)
2 creatures vanquished.

Grand Total: 188 creatures vanquished

Notes
Turn   | Place    | Note
--------------------------------------------------------------
     0 | D:1      | Liam the Deep Elf Wizard began the quest for the Orb.
     0 | D:1      | Reached XP level 1. HP: 10/10 MP: 7/7
   389 | D:1      | Reached XP level 2. HP: 15/15 MP: 5/9
   508 | D:1      | Reached skill level 5 in Spellcasting
   646 | D:1      | Learned a level 2 spell: Blink
   649 | D:1      | Learned a level 2 spell: Repel Missiles
  1250 | D:2      | Reached XP level 3. HP: 19/19 MP: 4/11
  1389 | D:2      | Noticed Robin
  1663 | D:2      | Learned a level 3 spell: Conjure Flame
  1667 | D:2      | Learned a level 3 spell: Mephitic Cloud
  2124 | D:2      | Reached skill level 1 in Charms
  2124 | D:2      | Reached XP level 4. HP: 24/24 MP: 8/13
  2444 | D:2      | Killed Robin
  2825 | D:3      | Noticed Grinder
  3144 | D:3      | Paralysed by Grinder for 7 turns
  3155 | D:2      | Paralysed by Grinder for 2 turns
  3171 | D:2      | Killed Grinder
  3171 | D:2      | Reached skill level 1 in Fire Magic
  3171 | D:2      | Reached skill level 1 in Air Magic
  3171 | D:2      | Reached skill level 1 in Poison Magic
  3171 | D:2      | Reached XP level 5. HP: 19/28 MP: 15/15
  3171 | D:2      | Reached XP level 6. HP: 21/32 MP: 16/16
  3484 | D:3      | Noticed a two-headed ogre
  3492 | D:3      | Killed a two-headed ogre
  3546 | D:3      | Found a radiant altar of Vehumet.
  3557 | D:3      | Became a worshipper of Vehumet
  3604 | D:3      | Reached XP level 7. HP: 36/36 MP: 15/18
  4064 | D:4      | Reached skill level 5 in Conjurations
  4527 | D:4      | Noticed Pikel
  4682 | D:4      | Reached * piety under Vehumet
  4682 | D:4      | Offered knowledge of Sandblast by Vehumet.
  4915 | D:4      | Killed Pikel
  4915 | D:4      | Reached XP level 8. HP: 41/41 MP: 1/20
  5005 | D:4      | Noticed Eustachio
  5421 | D:4      | Found a bloodstained altar of Trog.
  5428 | D:4      | Found a shimmering altar of Xom.
  5491 | D:5      | Entered Level 5 of the Dungeon
  5527 | D:5      | Reached skill level 5 in Charms
  6619 | D:6      | Noticed Edmund
  6891 | D:6      | You fall through a shaft for 2 floors!
  7047 | D:8      | Reached XP level 9. HP: 29/45 MP: 12/22
  7241 | D:7      | Noticed Liam's ghost (novice DEWz)
  7485 | D:7      | Found Sapn's Jewellery Emporium.
  7653 | D:6      | Found a basalt altar of Yredelemnul.
  7814 | D:6      | Found a stormy altar of Qazlal.
  7817 | D:6      | Found a white marble altar of Elyvilon.
  7820 | D:6      | Found an oddly glowing altar of Pakellas.
  8005 | D:6      | Killed Edmund
  8005 | D:6      | Reached skill level 5 in Fire Magic
  8158 | D:6      | Found a staircase to the Ecumenical Temple.
  8160 | D:6      | Noticed Kidiri's ghost (novice DECj)
  8653 | D:7      | Learned a level 2 spell: Call Imp
  8758 | D:7      | Killed Liam's ghost
  8883 | D:7      | Found a blossoming altar of Fedhas.
  9506 | D:7      | Offered knowledge of Shock by Vehumet.
  9782 | D:7      | Reached ** piety under Vehumet
 10459 | D:4      | Killed Eustachio
 10659 | D:4      | Found a bloodstained altar of Trog.
 10665 | D:4      | Found a shimmering altar of Xom.
 11053 | D:6      | Killed Kidiri's ghost
 11053 | D:6      | Reached skill level 10 in Conjurations
 11077 | Temple   | Entered the Ecumenical Temple
 11221 | D:8      | Found a sacrificial altar of Ru.
 11306 | D:8      | Noticed Erolcha
 11471 | D:8      | Found a glowing golden altar of the Shining One.
 11871 | D:8      | Found an iron altar of Okawaru.
 11911 | D:8      | Reached XP level 10. HP: 47/50 MP: 18/25
 11960 | D:8      | Found a shadowy altar of Dithmenos.
 11969 | D:8      | Noticed Joseph
 11974 | D:8      | Reached skill level 10 in Spellcasting
 12147 | D:8      | Shot with a sling bullet by Joseph

Vault maps used:
D:1:      saegor_arrival_simple_f, st_stairs_7, grunt_decor_cap
D:2:      uniq_robin
D:3:      vehumet_altar_wand_db, uniq_grinder
D:4:      amethyst_overflow_temple_binary, first_bread, uniq_eustachio,
          uniq_pikel
D:6:      kennysheep_little_box, grunt_temple_overflow_diamond,
          minmay_temple_entry_nine_rooms, minmay_misc_feat_pillars, uniq_edmund
D:7:      fedhas_altar_2, serial_shops, nicolae_shop_waterfront
D:8:      marbit_many_paths, nicolae_overflow_crystal_walls,
          grunt_dithmenos_smoke_and_mirrors, nicolae_tso_carved_into_rock,
          basic_altar, uniq_erolcha, uniq_joseph
Temple:   nicolae_temple_great_sept

Skill      XL: |  1  2  3  4  5  6  7  8  9 10 |
---------------+-------------------------------+-----
Spellcasting   | 5 6 7 9 10 | 10.0
Conjurations   | 2 3 4 5 7 10 | 10.4
Charms         | 1 2 3 4 5 |  5.2
Translocations | 2 3 4 |  4.1
Fire Magic     | 1 2 3 4 5 |  5.0
Air Magic      | 1 2 3 |  3.0
Poison Magic   | 1 3 |  3.1
Dodging        | |  2.4
Stealth        | |  2.4
Summonings     | |  1.1

Action                   |  1- 3 |  4- 6 |  7- 9 | 10-12 || total
-------------------------+-------+-------+-------+-------++-------
Melee: Short sword       |       |     8 |    23 |     1 ||    32
 Cast: Magic Dart        |    96 |    93 |   537 |    30 ||   756
       Blink             |       |     2 |     9 |       ||    11
       Mephitic Cloud    |       |     1 |    36 |     5 ||    42
       Conjure Flame     |       |       |    23 |       ||    23
       Repel Missiles    |       |       |     1 |       ||     1
       Call Imp          |       |       |    18 |     8 ||    26
Evoke: Wand              |       |     9 |       |    14 ||    23
  Use: Potion            |       |     1 |     1 |       ||     2
       Scroll            |       |       |     4 |       ||     4
 Stab: Confused          |       |       |     1 |       ||     1
  Eat: Chunk             |     2 |     6 |    19 |     2 ||    29
       Pizza             |       |       |     1 |       ||     1
       Fruit             |       |       |     2 |       ||     2
       Beef jerky        |       |       |     1 |       ||     1
